 Dungeon Crawl Stone Soup version 0.28.0 (webtiles) character file.

Game seed: 15643731762740085570

1075 enile the Ducker (level 8, -6/64 HPs)
             Began as a Merfolk Ice Elementalist on Feb 15, 2022.
             Mangled by a mummy (10 damage)
             ... in an ossuary.
             The game lasted 00:27:02 (5325 turns).

enile the Ducker (Merfolk Ice Elementalist)         Turns: 5325, Time: 00:27:02

Health: -6/64      AC: 19    Str:  8    XL:     8   Next: 29%
Magic:  12/12      EV: 15    Int: 16    God:
Gold:   187        SH:  0    Dex: 15    Spells: 6/13 levels left

rFire   x . .      SeeInvis .   w - +1 flail (protect)
rCold   + . .      Faith    .   (no shield)
rNeg    . . .      Spirit   .   a - +0 robe
rPois   .          Reflect  .   (helmet restricted)
rElec   .          Harm     .   (no cloak)
rCorr   .          Rampage  .   (no gloves)
Will    .....                   (no boots)
Stlth   ++........              u - amulet of magic regeneration
HPRegen 0.20/turn               d - ring of ice
MPRegen 0.53/turn               t - ring of the Tortoise {AC+8}

@: marked, under a protective aura, flying
A: (nimble swimmer 2), mertail, horns 1, iridescent scales 1
a: no special abilities


You were in an ossuary.
You visited 1 branch of the dungeon, and saw 5 of its levels.
You also visited: Ossuary.

You collected 187 gold pieces.

Inventory:

Hand Weapons
 b - a +0 whip
 c - a +2 dagger of venom
 l - a +0 scimitar of holy wrath
 n - a +4 spectral flail
 s - a +2 morningstar
 v - a +0 battleaxe
 w - a +1 flail of protection (weapon)
Armour
 a - a +0 robe (worn)
Jewellery
 d - a ring of ice (left hand)
 t - the ring of the Tortoise (right hand) {AC+8}
   (You found it on level 4 of the Dungeon)

   [ring of protection]

   AC:        It affects your AC (+8).
 u - an amulet of magic regeneration (around neck)
Potions
 i - a potion of flight
 q - 3 potions of degeneration
 r - a potion of mutation


   Skills:
 - Level 6.1 Fighting
 - Level 3.0 Short Blades
 - Level 7.0 Dodging
 - Level 3.0 Stealth
 - Level 3.0 Spellcasting
 + Level 0.5 Conjurations
 - Level 6.0 Ice Magic


You had 6 spell levels left.
You knew the following spells:

 Your Spells              Type           Power      Damage    Failure   Level
a - Freeze                Ice            100%       1d11      1%          1
b - Frozen Ramparts       Ice            64%        1d8       4%          3
c - Ozocubu's Armour      Ice            32%        N/A       4%          3

Your spell library contained the following spells:

 Spells                   Type           Power      Damage    Failure   Level
 Hailstorm                Conj/Ice       19%        3d6       43%         4


Dungeon Overview and Level Annotations

Branches:
Dungeon (5/15)            Ossuary (1/1)
 Temple: D:4-7

Altars:
Fedhas
Nemelex Xobeh
Vehumet
Wu Jian
Xom

Shops:
D:1 [=?=   D:2 [

Annotations:
D:4 1 runed translucent door, horus123's ghost, novice MiFi
D:5 1 runed translucent door, Crazy Yiuf; Ijyb; Menkaure


Innate Abilities, Weirdness & Mutations

((You are very nimble when in or above water. (Stealth+, EV+, Speed+++)))
Your lower body shifts to a powerful aquatic tail in water.
You have a pair of small horns on your head.
You are partially covered in iridescent scales. (AC +2)


Message History

Casting: Frozen Ramparts (dangerous; 4% risk of failure)
Confirm with . or Enter, or press ? or * to list all spells.
Okay, then.
Your +0 scimitar of holy wrath stops glowing.
Your +1 flail of protection hums with potential!
w - a +1 flail of protection (weapon)
The mummy resists.
The wall freezes the mummy.
The mummy hits you but does no damage. The mummy barely misses you.
The mummy resists.
The wall freezes the mummy.
The mummy hits you but does no damage.
You shred the net and break free!
The mummy resists.
The wall freezes the mummy.
The mummy resists.
The wall freezes the mummy.
The mummy closely misses you.
You hit the mummy.
Your weapon exudes an aura of protection.
The mummy is almost destroyed.
The mummy resists.
The wall freezes the mummy.
The mummy hits you but does no damage. The mummy misses you.
The mummy resists.
The wall freezes the mummy.
The mummy completely misses you.
The mummy resists.
The wall freezes the mummy.
You hit the mummy.
You destroy the mummy!
The frozen ramparts melt away.
The mummy hits you but does no damage. The mummy hits you.
* * * LOW HITPOINT WARNING * * *
The mummy closely misses you.
Sorry, you're not good enough to have a special ability.
Sorry, you're not good enough to have a special ability.
You barely miss the mummy. You headbutt the mummy.
The mummy is severely damaged.
The mummy barely misses you. The mummy completely misses you.
The mummy hits you but does no damage.
You hit the mummy. You headbutt the mummy.
You destroy the mummy!
The mummy misses you.
Your icy armour will break if you move.
Continue?
Your icy armour cracks and falls away as you move.
The hobgoblin zombie closely misses you.
The mummy hits you!
You die...

##.....##
#....^..#
##^....##
##.^^^M##
#!.....?#
#?....Z?#
#?....M!#
#!..ZZMM#
##....@##
##...##
##∩## ##


You could see 4 mummies, a hobgoblin zombie and 2 centaur zombies.

Vanquished Creatures
  2 water moccasins (D:5)
  Duvessa (D:5)
  3 ogres
  A water moccasin zombie (D:5)
  4 wights
  Dowan (D:5)
  2 iguanas
  A hound skeleton (D:4)
  2 mummies (Ossuary)
  A howler monkey zombie (D:5)
  6 adders
  2 worms (D:2)
  A dart slug (D:5)
  5 orcs
  6 ball pythons
  3 giant cockroaches
  5 goblins
  7 hobgoblins
  6 jackals
  4 kobolds
  3 quokkas
  5 bats
  2 frilled lizards
  A hobgoblin zombie (Ossuary)
  9 rats
83 creatures vanquished.

Notes
Turn   | Place    | Note
-------+----------+-------------------------------------------
     0 | D:1      | enile the Merfolk Ice Elementalist began the quest for the
                  | Orb.
     0 | D:1      | Reached XP level 1. HP: 13/13 MP: 3/3
     1 | D:1      | Found Ykof's Jewellery Boutique.
   104 | D:1      | Found Nufacvi's Magic Scroll Shop.
   125 | D:1      | Reached skill level 1 in Fighting
   258 | D:1      | Reached XP level 2. HP: 20/21 MP: 0/5
   351 | D:1      | Found Afeq's Antique Armour Boutique.
   633 | D:1      | Reached skill level 3 in Dodging
   755 | D:1      | Found Feusyu's Jewellery Shop.
   950 | D:1      | Reached XP level 3. HP: 26/27 MP: 6/6
  1119 | D:2      | Learned a level 3 spell: Frozen Ramparts
  1303 | D:2      | Reached skill level 4 in Dodging
  1747 | D:2      | Reached XP level 4. HP: 31/34 MP: 3/7
  1864 | D:2      | Found Alagoova's Armour Boutique.
  2270 | D:3      | Noticed an ogre
  2488 | D:3      | Found a blossoming altar of Fedhas.
  2798 | D:3      | Found a sparkling altar of Nemelex Xobeh.
  2980 | D:4      | Noticed an ogre
  3048 | D:4      | Reached skill level 5 in Ice Magic
  3048 | D:4      | Reached XP level 5. HP: 27/41 MP: 4/8
  3624 | D:3      | Killed an ogre
  3625 | D:3      | Reached skill level 5 in Dodging
  3636 | D:3      | Reached skill level 6 in Dodging
  3636 | D:3      | Reached skill level 1 in Short Blades
  3636 | D:3      | Reached XP level 6. HP: 47/47 MP: 3/9
  3753 | D:4      | Found a radiant altar of Vehumet.
  3772 | D:4      | Learned a level 3 spell: Ozocubu's Armour
  4062 | D:4      | Reached XP level 7. HP: 54/54 MP: 3/10
  4262 | D:4      | Found a runed translucent door.
  4266 | D:4      | Noticed horus123's ghost (novice MiFi)
  4606 | D:4      | Found a shimmering altar of Xom.
  4606 | D:4      | Found the ring of the Tortoise {AC+8}
  4785 | D:5      | Entered Level 5 of the Dungeon
  4788 | D:5      | Found an ornate altar of the Wu Jian Council.
  4846 | D:5      | Noticed Ijyb
  4861 | D:5      | Noticed Duvessa
  4861 | D:5      | Noticed Dowan
  4897 | D:5      | Found a runed translucent door.
  4898 | D:5      | Noticed Crazy Yiuf
  4953 | D:5      | Reached skill level 5 in Fighting
  5060 | D:5      | Reached XP level 8. HP: 58/64 MP: 12/12
  5175 | D:5      | Killed Duvessa
  5224 | D:5      | HP: 3/64 [Dowan/shard of ice (16)]
  5246 | D:5      | HP: 1/64 [Dowan/iceblast (5)]
  5257 | D:5      | Killed Dowan
  5258 | D:5      | Reached skill level 7 in Dodging
  5267 | D:5      | Noticed Menkaure
  5281 | D:5      | Found a sand-covered staircase.
  5286 | Ossuary  | Entered an ossuary
  5305 | Ossuary  | Gained mutation: You are partially covered in iridescent
                  | scales. (AC +2) [potion of mutation]
  5305 | Ossuary  | Gained mutation: You have a pair of small horns on your
                  | head. [potion of mutation]
  5322 | Ossuary  | HP: 3/64 [mummy (2)]
  5325 | Ossuary  | Mangled by a mummy

Illustrated notes

Levels and vault maps discovered:
D:1:      scummos_arrival_simple_fountains, layout_rooms, serial_shops, shop,
          shop, shop, shop, grunt_decor_arrowhead
D:2:      layout_basic, serial_shops, shop, minmay_tetromino_i2
D:3:      layout_loops_ring, mainiacjoe_overflow_alcove_2, fedhas_altar_2,
          corexii_leaking_fountain, hangedman_abyss_or_decor_stabs,
          minmay_statues_item
D:4:      layout_basic, kennysheep_little_box, mainiacjoe_overflow_24_doors,
          ebering_ghost_sewer_d
D:5:      minmay_angry_zag, layout_gridville, general_overflow_altar,
          gammafunk_ghost_cemetery, enter_ossuary_2, serial_shops,
          kennysheep_mini_moat, uniq_menkaure, uniq_duvessa, uniq_ijyb,
          uniq_crazy_yiuf_cottage
Ossuary:  ossuary_the_hunt_dpeg

Skill      XL: |  1  2  3  4  5  6  7  8 |
---------------+-------------------------+-----
Fighting       | 1 2 3 4 6 |  6.1
Dodging        | 3 4 6 7 |  7.0
Stealth        | 3 |  3.0
Ice Magic      | 5 6 |  6.0
Short Blades   | 1 3 |  3.0
Spellcasting   | 3 |  3.0
Conjurations   | |  0.5

Action                   |  1- 3 |  4- 6 |  7- 9 || total
-------------------------+-------+-------+-------++-------
Melee: Unarmed           |     7 |       |       ||     7
       Whip              |    15 |       |       ||    15
       Dagger            |    26 |    81 |    29 ||   136
       Punch             |       |     1 |     2 ||     3
       Scimitar          |       |     9 |    31 ||    40
       Flail             |       |       |     8 ||     8
       Headbutt          |       |       |     2 ||     2
Throw: Dart              |       |     2 |     8 ||    10
 Cast: Freeze            |    41 |     3 |     3 ||    47
       Frozen Ramparts   |     2 |     7 |     5 ||    14
       Ozocubu's Armour  |       |     2 |     2 ||     4
  Use: Potion            |     1 |       |     9 ||    10
       Scroll            |       |       |     7 ||     7
 Stab: Sleeping          |       |     1 |       ||     1
Armor: Robe              |    15 |    23 |    37 ||    75
Dodge: Dodged            |    62 |    68 |    71 ||   201
